 Dungeon Crawl Stone Soup version 0.32-a0-818-gb728d0252e (webtiles) character file.

Game seed: 14576992292450097738

103 greenreed the Shooter (level 4, -2/34 HPs)
             Began as a Coglin Hunter on Mar 24, 2024.
             Killed by nerve-wracking pain
             ... invoked by Grinder
              (12 damage)
             ... on level 3 of the Dungeon.
             The game lasted 00:02:03 (1242 turns).

greenreed the Shooter (Coglin Hunter)               Turns: 1242, Time: 00:02:05

Health: -2/34      AC:  4    Str: 12    XL:     4   Next: 79%
Magic:  4/4        EV: 11    Int:  8    God:
Gold:   44         SH:  0    Dex: 19    Spells: 3/3 levels left

rFire   . . .        a - +2 sling {Keminub}
rCold   . . .        d - +0 sling {Hidetaka}
rNeg    . . .        c - +0 leather armour
rPois   .            (no helmet)
rElec   .            i - +0 cloak
rCorr   .            (no gloves)
SInv    .            (no boots)
Will    .....        (amulet unavailable)
Stlth   ++           (ring unavailable)
HPRegen 0.25/turn    (ring unavailable)
MPRegen 0.09/turn    (no gizmo)

%: no passive effects
@: revved
A: off-hand wielding, slow wielding, warmup strikes, no jewellery
a: Invent Gizmo


You were on level 3 of the Dungeon.
You visited 1 branch of the dungeon, and saw 3 of its levels.

You collected 132 gold pieces.
You spent 88 gold pieces at shops.

Inventory:

Hand Weapons
 a - a +2 sling (weapon) {Keminub}
 d - a +0 sling (offhand) {Hidetaka}
Armour
 c - a +0 leather armour (worn)
 i - a +0 cloak (worn)
Scrolls
 b - a scroll of butterflies
 e - a scroll of revelation {unknown}
 g - a scroll of fog {unknown}
 h - 2 scrolls of identify {unknown}
 j - a scroll of fear {unknown}
 m - 2 scrolls of blinking {unknown}
 n - a scroll of teleportation {unknown}
Potions
 f - 3 potions of curing
 k - a potion of brilliance {unknown}
 l - a potion of ambrosia {unknown}
 o - a potion of heal wounds


   Skills:
 + Level 2.9 Fighting
 * Level 4.6 Ranged Weapons
 + Level 2.6 Dodging
 - Level 0.7 Stealth


You had 3 spell levels left.
You didn't know any spells.
Your spell library was empty.

Dungeon Overview and Level Annotations

Branches:
Dungeon (3/15)

Altars:

Shops:
D:2 !

Annotations:
D:3 Grinder


Innate Abilities, Weirdness & Mutations

You can wield a second weapon in your off-hand.
It takes a long time for you to wield or remove held weapons.
Your first few attacks do less damage.
You cannot equip rings or amulets.


Message History

The sling bullet closely misses Grinder.
You shoot a sling bullet. The sling bullet hits Grinder.
Grinder is heavily wounded.
Grinder barely misses you.
You shoot a sling bullet.
The sling bullet hits Grinder but does no damage.
Grinder is heavily wounded.
You shoot a sling bullet. The sling bullet barely misses Grinder.
Grinder hits you.
You writhe in agony.
You shoot a sling bullet. The sling bullet hits Grinder.
Grinder is heavily wounded.
You shoot a sling bullet. The sling bullet barely misses Grinder.
Grinder grins, showing sharp teeth.
Grinder barely misses you.
You shoot a sling bullet. The sling bullet hits Grinder.
Grinder is heavily wounded.
You shoot a sling bullet. The sling bullet hits Grinder.
Grinder is heavily wounded.
Grinder hits you!
You writhe in agony.
Grinder hits you but does no damage.
Unknown command.
You shoot a sling bullet. The sling bullet hits Grinder.
Grinder is severely wounded.
You shoot a sling bullet. The sling bullet barely misses Grinder.
Grinder misses you.
You shoot a sling bullet. The sling bullet hits Grinder.
Grinder is severely wounded.
You shoot a sling bullet.
The sling bullet hits Grinder but does no damage.
Grinder is severely wounded.
Grinder hits you.
You writhe in agony.
* * * LOW HITPOINT WARNING * * *
You are too injured to fight recklessly!
You shoot a sling bullet. The sling bullet hits Grinder.
Grinder is severely wounded.
You shoot a sling bullet.
The sling bullet closely misses Grinder.
Grinder gestures at you. Pain shoots through your body!
You die...
Grinder says, "Hey, I wasn't done torturing you yet!"

### #.. ... #†#
## #.# ##.#.#
#..@#####.#
#..5#......#
#....#.######
#....##.#########
#..^.#
#.#.......# #...#
#.#.#####.# ...#
#.#.# #.# ..#
#...# #.# ###.#
#.#


You could see Grinder.

Vanquished Creatures
  Jessica (D:2)
  A gnoll (D:1)
  An adder (D:2)
  2 ribbon worms (D:2)
  6 endoplasms
  2 giant cockroaches
  5 goblins
  6 hobgoblins
  2 jackals (D:2)
  3 kobolds
  5 quokkas
  3 ball pythons
  8 bats
  3 rats
48 creatures vanquished.

Notes
Turn   | Place    | Note
-------+----------+-------------------------------------------
     0 | D:1      | greenreed the Coglin Hunter began the quest for the Orb.
     0 | D:1      | Reached XP level 1. HP: 16/16 MP: 1/1
    76 | D:1      | Reached XP level 2. HP: 22/22 MP: 2/2
   169 | D:1      | Reached skill level 4 in Ranged Weapons
   305 | D:1      | Reached XP level 3. HP: 28/28 MP: 3/3
   685 | D:2      | Reached XP level 4. HP: 34/34 MP: 4/4
   817 | D:2      | Found Halemm's Distillery.
   827 | D:2      | Bought a potion of curing for 33 gold pieces
   827 | D:2      | Bought a potion of heal wounds for 55 gold pieces
   852 | D:2      | Noticed Jessica
   858 | D:2      | Killed Jessica
  1231 | D:3      | Noticed Grinder
  1242 | D:3      | Killed from afar by Grinder

Illustrated notes

Levels and vault maps discovered:
D:1:      saegor_arrival_simple_c, layout_rooms, minmay_unequal
D:2:      layout_loops_ring, serial_shops, shop, uniq_jessica
D:3:      layout_loops_ring, st_stairs_9, kennysheep_pointless_box,
          nrook_mini_backslash, uniq_grinder

Skill      XL: |  1  2 |
---------------+-------+-----
Dodging        | 2 |  2.6
Ranged Weapons | 4 |  4.6
Fighting       | |  2.9
Stealth        | |  0.7

Action                     |  1- 3 |  4- 6 || total
---------------------------+-------+-------++-------
   Fire: Sling             |   154 |    70 ||   224
 Armour: Leather armour    |    12 |     9 ||    21
  Dodge: Dodged            |     7 |     7 ||    14

Table legend: (Time is in decaauts)
 A = Elapsed time spent in this place.
 B = Non-inter-level travel time spent in this place.
 C = Inter-level travel time spent in this place.
 D = Time resting spent in this place.
 E = Time spent auto-exploring this place.
 F = Levels seen in this place.
 G = Mean time per level.
                   A        B        C        D        E       F      G
               +--------+--------+--------+--------+--------+-----+--------+
         Total |   1266 |   1207 |     59 |      0 |    985 |   3 |  422.0 |
       Dungeon |   1266 |   1207 |     59 |      0 |    985 |   3 |  422.0 |
               +--------+--------+--------+--------+--------+-----+--------+

Top non-repeatable levels by time:
     D:2: 668 daAuts
     D:1: 492 daAuts
     D:3: 106 daAuts
